 Dungeon Crawl Stone Soup version 0.20-a0-507-gc86f373 (webtiles) character file.

1112 kidcy the Twirler (level 8, -2/64 HPs)
             Began as a Formicid Fighter on Jan 21, 2017.
             Slain by an ogre
             ... wielding a +0 giant club
              (10 damage)
             ... on level 6 of the Dungeon.
             The game lasted 00:13:17 (5581 turns).

kidcy the Twirler (Formicid Fighter)                Turns: 5581, Time: 00:13:18

Health: -2/64      AC:  6    Str: 22    XL:     8   Next: 59%
Magic:  8/8        EV:  8    Int: 16    God:
Gold:   135        SH: 10    Dex: 16    Spells: 1/7 levels left

rFire    + + .     SeeInvis +   a - +2 quarterstaff
rCold    . . .     Gourm    .   e - +0 ring mail "Sohuepru" {rN+ Int+6} (curse)
rNeg     + . .     Faith    .   c - +0 shield
rPois    .         Spirit   .   (helmet unavailable)
rElec    .         Reflect  .   (no cloak)
rCorr    .         Harm     .   (no gloves)
MR       .....                  (no boots)
Stlth    +.........             (no amulet)
Regen    0.2/turn               B - ring of Ymmam {rF+ Int+3 Dex+4}
                                m - ring of protection from fire

@: no status effects
A: permanent stasis, dig shafts and tunnels, four strong arms, antennae 3
a: Dig, Shaft Self


You were on level 6 of the Dungeon.
You were not hungry.

You visited 1 branch of the dungeon, and saw 6 of its levels.

You collected 285 gold pieces.
You spent 150 gold pieces at shops.

Inventory:

Hand Weapons
 a - a +2 quarterstaff (weapon)
Armour
 b - a +0 scale mail
 c - a +0 shield (worn)
 e - the cursed +0 ring mail "Sohuepru" (worn) {rN+ Int+6}
   (You found it on level 6 of the Dungeon)

   It affects your intelligence (+6).
   It protects you from negative energy.
   It has a curse placed upon it.
Jewellery
 m - a ring of protection from fire (left hand)
 B - the ring of Ymmam (right hand) {rF+ Int+3 Dex+4}
   (You found it on level 5 of the Dungeon)

   [ring of intelligence]

   It affects your intelligence (+3).
   It affects your dexterity (+4).
   It protects you from fire.
Wands
 z - a wand of paralysis (0/24)
Scrolls
 i - 7 scrolls of remove curse
 q - 2 scrolls of fear
 t - 2 scrolls of recharging
 u - a scroll of amnesia
Potions
 d - a potion of might
 h - a potion of flight
 l - 2 potions of lignification
 o - 3 potions of brilliance
 p - 2 potions of agility
 r - a potion of invisibility {unknown}
 A - a potion of mutation {unknown}
Books
 n - a book of Misfortune

   Spells                             Type                      Level
   a - Confusing Touch                Hexes                        1
   b - Confuse                        Hexes                        3
   c - Gell's Gravitas                Hexes/Translocation          3
   d - Petrify                        Transmutation/Earth          4
   e - Metabolic Englaciation         Hexes/Ice                    5
   f - Yara's Violent Unravelling     Hexes/Transmutation          5
 x - a book of Minor Magic

   Spells                             Type                      Level
   a - Magic Dart                     Conjuration                  1
   b - Blink                          Translocation                2
   c - Call Imp                       Summoning                    2
   d - Repel Missiles                 Charms/Air                   2
   e - Slow                           Hexes                        2
   f - Conjure Flame                  Conjuration/Fire             3
   g - Mephitic Cloud                 Conjuration/Poison/Air       3
Comestibles
 f - a bread ration
 g - 4 royal jellies
 s - 4 meat rations


   Skills:
 + Level 6.0 Fighting
 * Level 7.1 Staves
 + Level 6.2 Armour
 - Level 3.6 Shields


You had one spell level left.
You knew the following spells:

 Your Spells              Type           Power        Failure   Level  Hunger
a - Confusing Touch       Hex            #.....       94%         1    ##.....
b - Magic Dart            Conj           #...         94%         1    ##.....
c - Call Imp              Summ           #.......     99%         2    ###....
d - Repel Missiles        Chrm/Air       #.....       99%         2    ###....


Dungeon Overview and Level Annotations

Branches:
Dungeon (6/15)
 Temple: D:4-7

Altars:
Dithmenos
Fedhas
Makhleb
Nemelex Xobeh
Okawaru
Trog
Xom

Shops:
D:5 *


Innate Abilities, Weirdness & Mutations

You cannot be hasted, slowed, berserked, paralysed or teleported.
You can dig through walls and to a lower floor.
Your four strong arms can wield two-handed weapons with a shield.
You have a pair of large antennae on your head. (SInv)


Message History

Evoke which item? (* to show all) (? for menu, Esc to quit)
Aiming: Paralyse (will waste charges)
Press: ? - help, Shift-Dir - straight line, f - ogre
Aim: an ogre, wielding a giant club (moderately wounded, chance to defeat MR: 46%)
The ogre resists with some effort.
Evoking this partially-identified wand wasted a few charges.
You feel better. The ogre hits you with a giant club!
You extend your mandibles.
You dig through the rock wall.
You retract your mandibles.
There is a stone staircase leading up here.
You feel better. The ogre hits you with a giant club!!
* * * LOW HITPOINT WARNING * * *
You feel better. The ogre hits you with a giant club!!
* * * LOW HITPOINT WARNING * * *
Are you sure you want to shaft yourself?
You feel somewhat more hungry.
You begin to dig a shaft.
You continue digging a shaft.
The ogre hits you with a giant club!
You die...

..## ##.# ####........... )##
#.## #.##..#.#...... .## #..#
#.#....#.#..##.. ..#
#..###.......#....###. ..#
##........# #......##.. ..##
#.......### #..####..##
#..#######...##..## ##..##..###
#.........<.###...#####....######
†....##....# ##@...........## #.
..#######.. ##O...........###.
..# #.. #<..########..... ... #.
#..## #..... ..... #. #.## #.....
...... ##.. ##.## #.....
...........#####...#### #.....
......................######.....
.................................


You could see an ogre.

Vanquished Creatures
  Edmund (D:6)
  3 ogres
  A bullfrog (D:6)
  A scorpion (D:5)
  4 wights (D:6)
  A crimson imp (D:5)
  3 hounds
  A jelly (D:6)
  An orc wizard (D:6)
  Natasha (D:3)
  A worker ant (D:4)
  A killer bee zombie (D:5)
  A hound zombie (D:6)
  Robin (D:3)
  7 adders
  2 shadow imps
  An adder skeleton (D:3)
  5 worms
  A dart slug (D:1)
  2 leopard geckos (D:2)
  11 orcs
  4 giant cockroaches
  12 goblins
  11 hobgoblins
  10 jackals
  5 kobolds
  5 quokkas
  A ball python zombie (D:5)
  4 bats (D:3)
  3 frilled lizards
  A leopard gecko zombie (D:5)
  12 rats
118 creatures vanquished.

Notes
Turn   | Place    | Note
-------+----------+-------------------------------------------
     0 | D:1      | kidcy the Formicid Fighter began the quest for the Orb.
     0 | D:1      | Reached XP level 1. HP: 18/18 MP: 1/1
   177 | D:1      | Reached XP level 2. HP: 14/24 MP: 2/2
   564 | D:2      | Reached XP level 3. HP: 25/29 MP: 3/3
   596 | D:2      | Reached skill level 3 in Staves
   904 | D:2      | Learned a level 1 spell: Confusing Touch
  1020 | D:2      | Reached XP level 4. HP: 35/35 MP: 4/4
  1809 | D:3      | Noticed Natasha
  1832 | D:3      | You fall through a shaft!
  2118 | D:4      | Reached skill level 4 in Staves
  2118 | D:4      | Reached XP level 5. HP: 40/42 MP: 5/5
  2414 | D:4      | Found a sparkling altar of Nemelex Xobeh.
  2414 | D:4      | Found a blossoming altar of Fedhas.
  2530 | D:4      | Found an iron altar of Okawaru.
  2738 | D:3      | Killed Natasha
  2762 | D:3      | Noticed Robin
  2775 | D:3      | Reached XP level 6. HP: 34/48 MP: 6/6
  2806 | D:3      | Killed Robin
  3066 | D:3      | Found a shimmering altar of Xom.
  3152 | D:4      | Noticed an ogre
  3161 | D:4      | Killed an ogre
  3279 | D:4      | Reached skill level 5 in Staves
  3449 | D:4      | Noticed a moth of wrath
  3451 | D:4      | Found a bloodstained altar of Trog.
  3559 | D:5      | Entered Level 5 of the Dungeon
  3584 | D:5      | Noticed an ogre
  3791 | D:4      | Reached XP level 7. HP: 18/55 MP: 7/7
  4050 | D:5      | Reached skill level 5 in Armour
  4300 | D:5      | Reached skill level 5 in Fighting
  4312 | D:5      | Found a burning altar of Makhleb.
  4413 | D:5      | Got a fine turquoise ring
  4414 | D:5      | Identified the ring of Ymmam {rF+ Int+3 Dex+4} (You found it on level 5 of the Dungeon)
  4496 | D:5      | Found a shimmering altar of Xom.
  4616 | D:5      | Reached skill level 6 in Staves
  4654 | D:5      | Found Qaliv's Assorted Antiques.
  4665 | D:5      | Bought a scroll of identify for 50 gold pieces
  4665 | D:5      | Bought a scroll of remove curse for 75 gold pieces
  4675 | D:5      | Bought a scroll labeled BEKKEMM RIRU for 25 gold pieces
  4785 | D:6      | Learned a level 1 spell: Magic Dart
  4788 | D:6      | Learned a level 2 spell: Call Imp
  4791 | D:6      | Learned a level 2 spell: Repel Missiles
  4857 | D:6      | Noticed Edmund
  4868 | D:6      | Killed Edmund
  4868 | D:6      | Reached XP level 8. HP: 62/63 MP: 8/8
  4898 | D:6      | Found a shadowy altar of Dithmenos.
  5322 | D:6      | Got a smoking ring mail
  5372 | D:6      | Reached skill level 7 in Staves
  5428 | D:6      | Identified the cursed +0 ring mail "Sohuepru" {rN+ Int+6} (You found it on level 6 of the Dungeon)
  5581 | D:6      | Slain by an ogre

Vault maps used:
D:1:      onia_arrival_mini_spirals
D:2:      kennysheep_doodads
D:3:      xom_teletrap_fun, uniq_robin, uniq_natasha
D:4:      lemuel_crystal_altar, amethyst_overflow_temple_binary, first_bread,
          tgw_trog
D:5:      lemuel_round_altar, serial_shops,
          nicolae_shop_competitors_out_of_business, grunt_decor_cap,
          makhleb_blood_cavern_becter
D:6:      marbit_many_paths, minmay_liquid_box, nicolae_dithmenos_the_darkroom,
          uniq_edmund, uniq_pikel

Skill      XL: |  1  2  3  4  5  6  7  8 |
---------------+-------------------------+-----
Staves         | 3 4 5 6 7 |  7.1
Armour         | 4 5 6 |  6.2
Fighting       | 4 5 6 |  6.0
Shields        | |  3.6

Action                   |  1- 3 |  4- 6 |  7- 9 || total
-------------------------+-------+-------+-------++-------
Melee: Short sword       |    29 |       |       ||    29
       Quarterstaff      |    51 |   191 |   112 ||   354
 Abil: Dig               |       |     2 |     2 ||     4
       Shaft Self        |       |     1 |     1 ||     2
Evoke: Wand              |       |     3 |     4 ||     7
  Use: Scroll            |     6 |     4 |     6 ||    16
       Potion            |       |       |     3 ||     3
 Stab: Paralysed         |       |       |     9 ||     9
  Eat: Chunk             |       |     5 |     1 ||     6
       Bread ration      |       |     1 |     2 ||     3
Armor: Scale mail        |    22 |    68 |    41 ||   131
Dodge: Dodged            |    16 |    58 |    38 ||   112
Block: Shield            |    33 |   109 |    58 ||   200
